 Dungeon Crawl Stone Soup version 0.30-b1-2-g02819fbbbe (webtiles) character file.

Game seed: 10636188821334936982

1 sanka the Vexing (level 1, 0/16 HPs)
             Began as a Meteoran Hexslinger on May 9, 2023.
             Slain by a jackal (2 damage)
             ... on level 1 of the Dungeon.
             The game lasted 00:00:14 (48 turns).

sanka the Vexing (Meteoran Hexslinger)                Turns: 48, Time: 00:00:15

Health: 0/16       AC:  2    Str: 11    XL:     1   Next: 28%
Magic:  3/3        EV: 12    Int: 14    God:
Gold:   0          SH:  0    Dex: 14    Spells: 1/2 levels left

rFire   . . .        a - +1 sling
rCold   . . .        (no shield)
rNeg    . . .        c - +0 robe
rPois   .            (no helmet)
rElec   .            (no cloak)
rCorr   .            (no gloves)
SInv    .            (no boots)
Will    .....        (no amulet)
Stlth   +            (no ring)
HPRegen 0.22/turn    (no ring)
MPRegen 0.08/turn

%: no passive effects
@: glowing
A: sense surroundings 1, otherworldly, glowing, explore regen
a: no special abilities


You were on level 1 of the Dungeon.
You visited 1 branch of the dungeon, and saw 1 of its levels.

Inventory:

Hand Weapons
 a - a +1 sling (weapon)
Armour
 c - a +0 robe (worn)
Scrolls
 b - a scroll of poison {!r}
Potions
 d - a potion of ambrosia {unknown}


   Skills:
 + Level 1.2 Fighting
 - Level 2.1 Ranged Weapons
 + Level 2.5 Dodging
 - Level 1.3 Spellcasting
 - Level 3.6 Hexes


You had one spell level left.
You knew the following spells:

 Your Spells              Type           Power      Damage    Failure   Level
a - Slow                  Hex            44%        N/A       6%          1

Your spell library contained the following spells:

 Spells                   Type           Power      Damage    Failure   Level
 Inner Flame              Hex/Fire       6%         N/A       36%         3
 Portal Projectile        Hex/Tloc       12%        N/A       36%         3
 Cause Fear               Hex            5%         N/A       50%         4


Dungeon Overview and Level Annotations

Branches:
Dungeon (1/15) Zot: 549

Altars:


Innate Abilities, Weirdness & Mutations

You passively map a small area around you.
You are easily found by Zot.
You glow in the dark.
You regain HP and MP as you explore.


Message History

No target in view!
A hobgoblin and 2 jackals come into view.
The hobgoblin shouts!
The jackal barks! x2; You hear a bark!
A jackal comes into view.
The jackal bites you but does no damage.
The jackal bites you.
You shoot a sling bullet. The sling bullet misses the jackal.
The sling bullet closely misses the jackal.
The jackal barely misses you. The jackal bites you.
You shoot a sling bullet. The sling bullet hits the jackal.
The jackal is severely wounded.
You hear a bark!
An endoplasm comes into view.
The jackal misses you. The jackal closely misses you.
You shoot a sling bullet. The sling bullet hits the jackal.
The jackal is almost dead.
The jackal barely misses you.
A jackal comes into view.
The jackal bites you. The jackal completely misses you.
You shoot a sling bullet.
The sling bullet barely misses the jackal.
The jackal barely misses you. The jackal bites you. x3
The hobgoblin hits you.
* * * LOW HITPOINT WARNING * * *
The jackal bites you.
* * * LOW HITPOINT WARNING * * *
The jackal bites you.
* * * LOW HITPOINT WARNING * * *
The jackal attacks as you move away! The jackal barely misses you.
The jackal attacks as you move away! The jackal closely misses you.
You are too injured to fight recklessly!
You are too injured to fight recklessly!
You are too injured to fight recklessly!
Unknown command.
You shoot a sling bullet.
The sling bullet closely misses the jackal.
The sling bullet hits the jackal.
You kill the jackal!
The jackal bites you.
You die...

######## #......# , *
#......#. ,
........., , * * , *
** #......#, * ,
##### #J†....# , * .
,,#...###hhh...# * ..
#.....@g.....# ,,...
#......####### *
....#......# *
...........# ~
~~~~#..†...#
,8..~###..(#####
########.~#.........#
.#~~~~~#8~#.........#
.#~...~#.~#.........#


You could see an endoplasm, 3 jackals and a hobgoblin.

Vanquished Creatures
  A bat (D:1)
  A jackal (D:1)
2 creatures vanquished.

Notes
Turn   | Place    | Note
-------+----------+-------------------------------------------
     0 | D:1      | sanka the Meteoran Hexslinger began the quest for the Orb.
     0 | D:1      | Reached XP level 1. HP: 16/16 MP: 3/3
    48 | D:1      | Slain by a jackal

Illustrated notes

Levels and vault maps discovered:
D:1:      lightli_arrival_isolated_outpost, layout_basic

Action                     || total
---------------------------++-------
   Fire: Sling             ||     6
 Armour: Robe              ||     1
  Dodge: Dodged            ||    10
